 Dungeon Crawl Stone Soup version 0.17.0 (webtiles) character file.

8887412 DunwichHorror the Axe Maniac (level 27, 273/273 HPs)
             Began as a Minotaur Gladiator on Nov 13, 2015.
             Was the Champion of Makhleb.
             Escaped with the Orb
             ... and 12 runes on Nov 22, 2015!
             The game lasted 10:10:14 (123076 turns).

DunwichHorror the Axe Maniac (Minotaur Gladiator) Turns: 123076, Time: 10:10:14

Health: 273/273    AC: 53    Str: 37    XL:     27
Magic:  39/39      EV: 26    Int:  4    God:    Makhleb [******]
Gold:   13825      SH:  0    Dex: 18    Spells: 0 memorised, 44 levels left

rFire  + + +     SeeInvis +     w - +12 executioner's axe "Beetleslayer" {chop, -Tele rElec rF+ Dex+3, Axquired}
rCold  + . .     Clarity  .     T - +7 gold dragon armour "Xut Oret" {rElec rPois rF+ rC+ rN+ Stlth+}
rNeg   + + .     SustAt   +     (shield currently unavailable)
rPois  +         Gourm    .     k - +3 crown of Dyrovepreva {rElec Int+2 SInv, Heavy Head}
rElec  +         Spirit   .     F - +2 cloak {MR+}
rCorr  .         Warding  .     v - +2 pair of gloves {Dex+3}
rMut   +         NoTele   +     W - +2 pair of boots {run} {Reebok CrossFit Nano}
MR     +++++                    K - amulet "Aggeb" {rMut rElec rF+ MR+}
Stlth  ..........               U - ring "Geoth" {rPois rN+ MR+++ AC+4 Int-3, "I do"}
                                h - ring of sustain attributes

@: mighty, very slightly contaminated, hasted, very quick, almost entirely
resistant to hostile enchantments, extremely unstealthy
A: retaliatory headbutt, horns 2
a: Minor Destruction, Lesser Servant of Makhleb, Major Destruction, Greater
Servant of Makhleb, Renounce Religion
0: Orb of Zot
}: 12/15 runes: decaying, slimy, silver, iron, bone, abyssal, demonic, glowing,
magical, fiery, dark, gossamer


You escaped.
You worshipped Makhleb.
Makhleb was exalted by your worship.
You were not hungry.

You visited 14 branches of the dungeon, and saw 75 of its levels.
You visited Pandemonium 8 times, and saw 34 of its levels.
You visited the Abyss 7 times.
You visited 1 bazaar.
You visited 6 ziggurats, and saw 61 of their levels (deepest: 11).
You also visited: Trove and Ice Cave.

You collected 16374 gold pieces.
You spent 2549 gold pieces at shops.

Inventory:

Hand Weapons
 f - the +4 blowgun "Qukoh" {speed, rElec Int+4}
   (You found it on level 6 of a ziggurat)

   Attacks with this weapon are significantly faster.
   It affects your intelligence (+4).
   It insulates you from electricity.
 j - a +9 executioner's axe of chopping
 w - the +12 executioner's axe "Beetleslayer" (weapon) {chop, -Tele rElec rF+ Dex+3, Axquired}
   (You acquired it on level 1 of the Lair of Beasts)

   It inflicts extra damage upon your enemies.
   It affects your dexterity (+3).
   It protects you from fire.
   It insulates you from electricity.
   It prevents most forms of teleportation.
Missiles
 d - 14 throwing nets (quivered)
 C - 7 exploding tomahawks
 G - 17 needles of paralysis
 I - 7 needles of confusion
Armour
 k - the +3 crown of Dyrovepreva (worn) {rElec Int+2 SInv, Heavy Head}
   (You found it in an ice cave)

   It affects your intelligence (+2).
   It insulates you from electricity.
   It lets you see invisible.
 v - a +2 pair of gloves of dexterity (worn)
 F - a +2 cloak of magic resistance (worn)
 T - the +7 gold dragon armour "Xut Oret" (worn) {rElec rPois rF+ rC+ rN+ Stlth+}
   (You found it on level 3 of the Realm of Zot)

   It protects you from fire.
   It protects you from cold.
   It insulates you from electricity.
   It protects you from poison.
   It protects you from negative energy.
   It makes you more stealthy.
 W - a +2 pair of boots of running (worn) {Reebok CrossFit Nano}
Rods
 o - a +7 rod of shadows (12/12)
   (You found it in a treasure trove)
 p - a +2 rod of clouds (9/9)
   (You found it on level 9 of a ziggurat)
Jewellery
 b - the ring "Viung" {Wiz +Inv rN+ Stlth+}
   (You found it on level 7 of Tartarus)

   [ring of wizardry]

   It improves your spell success rate.
   It protects you from negative energy.
   It lets you turn invisible.
   It makes you more stealthy.
 h - a ring of sustain attributes (left hand)
 x - the ring of Lies {+Fly rN+ MR+}
   (You found it on level 7 of Tartarus)

   [ring of positive energy]

   It protects you from negative energy.
   It affects your resistance to hostile enchantments.
   It lets you fly.
 K - the amulet "Aggeb" (around neck) {rMut rElec rF+ MR+}
   (You found it on level 7 of a ziggurat)

   [amulet of resist mutation]

   It protects you from mutation.
   It protects you from fire.
   It insulates you from electricity.
   It affects your resistance to hostile enchantments.
 S - an uncursed amulet of resist corrosion
 U - the ring "Geoth" (right hand) {rPois rN+ MR+++ AC+4 Int-3, "I do"}
   (You took it off a deep elf summoner on level 3 of the Elven Halls)

   [ring of protection]

   It affects your AC (+4).
   It affects your intelligence (-3).
   It protects you from poison.
   It protects you from negative energy.
   It affects your resistance to hostile enchantments.
Wands
 n - a wand of disintegration (6)
 D - a wand of heal wounds (6)
 M - a wand of fire (5)
 O - a wand of cold (9)
 Q - a wand of teleportation (5)
 V - a wand of hasting (3) {crackpipe}
Scrolls
 c - 4 scrolls of holy word
 e - 46 scrolls of identify
 l - 46 scrolls of remove curse
 m - 18 scrolls of blinking
 r - 16 scrolls of magic mapping
 u - 17 scrolls of fear
 y - 28 scrolls of fog
 H - 3 scrolls of summoning
 P - 31 scrolls of teleportation
 X - 9 scrolls of recharging
 Z - 8 scrolls of silence
Potions
 g - 38 potions of curing
 q - 2 potions of cancellation
 t - a potion of cure mutation
 A - 9 potions of resistance
 J - 7 potions of berserk rage
 L - a potion of might
Miscellaneous
 i - a disc of storms
 s - a fan of gales
 B - 2 phantom mirrors
 E - a legendary deck of defence {the Banshee}
 N - a legendary deck of defence {the Tomb}
 R - a phial of floods
 Y - a sack of spiders
Comestibles
 a - 27 meat rations


   Skills:
 O Level 27 Fighting
 O Level 27 Axes
 O Level 27 Throwing
 O Level 27 Armour
 O Level 27 Dodging
 - Level 20.0 Stealth
 - Level 4.0 Unarmed Combat
 + Level 9.1 Spellcasting
 O Level 27 Invocations
 O Level 27 Evocations


You had 44 spell levels left.
You didn't know any spells.

Dungeon Overview and Level Annotations

Branches:
Dungeon (15/15)            Temple (1/1) D:6            Lair (8/8) D:9
  Swamp (4/4) Lair:4       Spider (4/4) Lair:3        Slime (6/6) Lair:7
    Orc (4/4) D:11            Elf (3/3) Orc:4        Vaults (5/5) D:13
  Crypt (0/3) Vaults:2     Depths (5/5) D:15           Hell (1/1)
    Dis (7/7) Hell            Geh (0/7) Hell            Coc (0/7) Hell
    Tar (7/7) Hell            Zot (5/5) Depths:5

Altars:
Cheibriados
Dithmenos
Elyvilon
Fedhas
Gozag
Kikubaaqudgha
Makhleb
Nemelex Xobeh
Okawaru
Sif Muna
Trog
Vehumet
Xom
Yredelemnul
Zin
The Shining One
Beogh
Jiyva

Shops:
D:13 [*(   Orc:4 :*[(   Depths:1 *   Depths:2 *}

Portals:
Hell: Depths:1 Depths:2 Depths:3 Depths:4 Depths:5
Abyss: Depths:4
Pandemonium: Depths:1 Depths:3

Annotations:
Elf:3 2 exclusions
Zot:5 1 exclusion


Innate Abilities, Weirdness & Mutations

You reflexively headbutt those who attack you in melee.
You have a pair of horns on your head.


Message History

You closely miss the blue devil.
The blue devil is moderately wounded.
The blue devil closely misses you.
You open the blue devil like a pillowcase!!!!
You kill the blue devil!
Makhleb accepts your kill.
There is a staircase leading out of the dungeon here.
Drink which item? (? for menu, Esc to quit)
You feel very mighty all of a sudden.
Drink which item? (? for menu, Esc to quit)
Okay, then.
Unknown command.
Eat which item? (? for menu, Esc to quit)
You continue eating. x2
You finish eating.
That meat ration really hit the spot!
Evoke which item? (* to show all) (? for menu, Esc to quit)
Zapping:
V - a wand of hasting (4) {crackpipe}
Press: ? - help, Shift-Dir - straight line, f - you You feel yourself speed up.
This wand has 3 charges left.
You have escaped!

##.#.# ###.............# ##.#.#
#.#.#####.#####.# #..#.#
#.#.#≈≈≈#.#≈≈≈#.# #.##.#
#.#.#≈≈≈#.#≈≈≈#.# #.##.#
#.#.#≈≈;#.#≈≈≈#.# .....#
#.#.#####.#####.# #.####
#.#.............#
#.######.#.8.#######.8.#
#........#......@......# ####
#####.#.################ #...
#.#.#..###.####.#.##### #.## #
#.#...............#(.(## #.##
#####.###....#.####.##...(.###.##
...##.####...#......#.......##>##
##.##.......#########...(...##.##
##.#######)).# #..(......... ##.#
#...# ##.....######


There were no monsters in sight!

Vanquished Creatures
  Cerebov (Pan)
  the royal jelly (Slime:6)
  Ereshkigal (Tar:7)
  Ignacio (Pan)
  Gloorx Vloq (Pan)
  the Serpent of Hell (Tar:7)
  Mnoleg (Pan)
  Lom Lobon (Pan)
  Dispater (Dis:7)
  3 orbs of fire (Zot:5)
  10 ancient liches
  Mennas (Pan)
  6 juggernauts
  3 greater mummies
  Norris (Spider:2)
  Saint Roka (Vaults:5)
  4 caustic shrikes
  11 Killer Klowns
  12 golden dragons
  Geryon (Hell)
  Jory (Depths:4)
  12 bone dragons
  3 profane servitors
  The ghost of Ark the Acrobat, an adept MiGl of the Shining One (Vaults:5)
  24 Brimstone Fiends
  4 electric golems
  29 pandemonium lords
  Jorgrun (Elf:2)
  2 hellephants
  Rupert (D:15)
  15 Ice Fiends
  15 liches
  38 Hell Sentinels
  A quicksilver dragon (shapeshifter) (Vaults:5)
  27 Orb Guardians
  2 deep elf blademasters
  7 titans
  A quicksilver dragon (Vaults:5)
  37 Executioners
  14 tentacled monstrosities
  4 deep elf master archers
  12 acid blobs
  23 Shadow Fiends
  2 eldritch tentacles (Pan)
  2 thorn hunters
  16 tentacled starspawn
  6 sphinxes
  9 death cobs
  6 ancient champions
  Kirke (Lair:7)
  17 shadow dragons
  16 storm dragons
  A daeva (Zig:6)
  16 fire giants
  5 azure jellies
  5 revenants
  8 tengu reavers
  The ghost of edsrzf the Spry, an adept DEFE of Vehumet (Spider:1)
  An azure jelly (shapeshifter) (Zig:9)
  Wiglaf (Spider:3)
  3 draconian monks
  13 frost giants
  18 vault wardens
  53 balrugs
  An iron dragon (shapeshifter) (Zig:8)
  Maud (Lair:3)
  4 draconian knights
  13 ghost moths
  16 iron dragons
  An emperor scorpion (shapeshifter) (Zig:8)
  4 draconian scorchers
  13 deep elf sorcerers
  8 orc warlords
  3 draconian zealots
  Aizul (Depths:3)
  4 curse skulls
  2 caustic shrike zombies
  4 war gargoyles
  5 emperor scorpions
  A juggernaut zombie (Zig:10)
  9 draconian annihilators
  14 ironheart preservers
  54 cacodemons
  10 draconian shifters
  An angel (Depths:1)
  75 reapers
  29 very ugly things
  A spriggan defender (Depths:4)
  15 warmongers (Pan)
  21 lorocyprocas
  A juggernaut skeleton (Zig:5)
  3 salamander firebrands (Hell)
  30 stone giants
  The ghost of Ark the Covert, a journeyman KoHu of Ashenzari (Spider:1)
  2 ophanim (Abyss:1)
  7 draconian callers
  7 vampire knights
  A stone giant (shapeshifter) (Zig:8)
  12 blood saints (Pan)
  Nessos (D:15)
  13 corrupters
  9 purple draconians
  11 green draconians
  6 deep elf demonologists
  10 black draconians
  8 white draconians
  Azrael (D:14)
  11 yellow draconians
  7 red draconians
  3 salamander stormcallers
  22 black suns
  14 chaos champions
  3 dire elephants
  6 deep elf annihilators
  12 deep elf death magi
  14 ettins
  13 mottled draconians
  5 eidola
  Snorg (D:10)
  A merfolk javelineer (Depths:3)
  A jiangshi (Zig:11)
  36 green deaths
  27 blizzard demons
  8 mummy priests
  7 deep elf high priests
  A crystal guardian (Vaults:1)
  26 fire dragons
  Josephine (D:11)
  2 quicksilver dragon zombies
  34 vault guards
  21 yaktaur captains
  A death ooze (Slime:6)
  Fannar (Orc:2)
  A kraken zombie (Hell)
  4 spriggan air magi
  Harold (Lair:3)
  8 centaur warriors
  2 naga warriors (Abyss:4)
  11 great orbs of eyes
  A quicksilver dragon skeleton (Pan)
  22 ice dragons
  9 hell beasts
  22 rakshasas
  10 entropy weavers
  22 monstrous demonspawn (Pan)
  An anaconda (Zig:2)
  35 hydras
  11 ogre magi
  5 catoblepae
  A spectral sphinx (Zig:10)
  6 alligators
  An anaconda (shapeshifter) (Vaults:5)
  4 ghost crabs
  16 dancing weapons (Elf:2)
  5 death knights
  6 tengu warriors
  5 vampire magi
  A satyr (Abyss:4)
  6 death yaks
  5 orc high priests
  9 deep troll shamans
  112 large abominations
  57 soul eaters
  2 titan zombies
  11 deep troll earth magi
  2 shock serpents
  A naga sharpshooter (Zig:2)
  Urug (D:12)
  3 spriggan berserkers (Depths:5)
  41 small abominations
  A shock serpent (shapeshifter) (Vaults:5)
  16 thrashing horrors
  106 sun demons
  5 titan skeletons
  Sonja (Orc:4)
  Nergalle (D:10)
  14 iron golems
  4 fire crabs
  31 hell knights
  13 wretched stars
  15 iron trolls
  2 unseen horrors
  67 skeletal warriors
  10 hell hogs
  6 storm dragon zombies
  2 iron trolls (shapeshifter)
  14 shadow wraiths
  2 golden dragon zombies
  5 spatial maelstroms
  25 deep elf knights
  3 anaconda zombies
  6 ball lightnings (Pan)
  4 spriggan druids
  3 ghost moth zombies
  8 flayed ghosts
  13 giant orange brains
  3 storm dragon skeletons
  38 deep trolls
  6 anubis guards
  A death drake (shapeshifter) (Vaults:4)
  12 deep elf summoners
  A giant orange brain (shapeshifter) (Zig:8)
  22 infernal demonspawn (Pan)
  18 putrid demonspawn (Pan)
  83 ice devils
  37 shadow demons
  A golden dragon skeleton (Depths:3)
  20 swamp dragons
  An obsidian statue (Zig:9)
  2 orange crystal statues
  38 gelid demonspawn (Pan)
  5 shambling mangroves
  7 hill giants
  2 lindwurms (Swamp:4)
  26 torturous demonspawn (Pan)
  4 shadow dragon zombies
  2 anaconda skeletons
  15 necromancers
  21 orc knights
  2 sphinx zombies
  6 harpies (Vaults:3)
  3 tengu zombies
  A harpy (shapeshifter) (Depths:1)
  An orb spider (shapeshifter) (Vaults:1)
  19 ironbrand convokers
  9 wizards
  2 iron dragon zombies
  2 wolf spider zombies
  13 phantasmal warriors
  6 oklob plants (Zig:5)
  A salamander (shapeshifter) (Vaults:2)
  A wolf spider (shapeshifter) (Zig:6)
  3 worldbinders
  6 fire giant zombies
  A shadow dragon skeleton (Tar:7)
  3 frost giant zombies
  43 wolf spiders
  76 ugly things
  12 shining eyes
  A mana viper (shapeshifter) (Vaults:4)
  10 orc sorcerers
  A griffon (shapeshifter) (Zig:9)
  An elephant (shapeshifter) (Vaults:5)
  2 stone giant zombies
  10 deep elf conjurers
  3 guardian serpents
  2 shock serpent zombies
  8 griffons
  18 orb spiders
  9 cyclopes
  24 elephants
  17 hornets
  47 rust devils
  A moth of wrath (shapeshifter) (Zig:9)
  69 sixfirhies
  2 fire giant skeletons
  A mana viper (Zig:2)
  25 vault sentinels
  2 human skeletons
  2 octopodes (shapeshifter)
  A stone giant skeleton (Tar:7)
  6 dire elephant zombies
  12 black mambas
  2 gargoyles
  4 frost giant skeletons
  2 salamanders
  28 moths of wrath
  3 ice statues
  A molten gargoyle (Hell)
  A guardian serpent (shapeshifter) (Depths:1)
  2 torpor snails
  3 naga magi
  A titan simulacrum (Tar:7)
  A spiny frog (shapeshifter) (Vaults:4)
  Psyche (D:8)
  An eye of devastation (Slime:6)
  2 black mambas (shapeshifter)
  14 efreet
  33 spiny frogs
  2 yaktaur zombies
  An elf skeleton (Zig:8)
  27 hellions
  5 spectral swamp worms (Depths:2)
  7 apocalypse crabs
  6 centaur skeletons
  20 komodo dragons
  59 yaktaurs
  67 orange demons
  2 dire elephant skeletons
  122 smoke demons
  2 anaconda simulacra
  A golden dragon simulacrum (IceCv)
  60 hellwings
  70 tormentors
  A komodo dragon (shapeshifter) (Depths:3)
  A catoblepas skeleton (Tar:7)
  A fire drake (shapeshifter) (Vaults:2)
  22 freezing wraiths
  3 guardian mummies
  53 demonic crawlers
  3 harpy zombies
  2 kobold demonologists (D:11)
  A minotaur zombie (Tar:7)
  58 red devils
  24 deep elf priests
  12 giant leeches
  4 hydra zombies
  A silent spectre (Tar:7)
  17 two-headed ogres
  6 trolls
  25 blue devils
  7 fire drakes
  10 ancient zymes
  29 jumping spiders
  A shadow dragon simulacrum (Abyss:4)
  91 slime creatures
  2 tengu simulacra
  A polar bear (Vaults:3)
  3 polar bears (shapeshifter)
  A slime creature (shapeshifter) (Zig:9)
  12 boulder beetles
  A tengu conjurer (Depths:3)
  A frost giant simulacrum (Depths:1)
  16 bog bodies
  3 hydra skeletons
  An ushabti (Zig:4)
  3 spriggan zombies
  A wolf spider simulacrum (IceCv)
  6 ettin zombies
  3 fire dragon zombies
  An ice dragon skeleton (Tar:4)
  A stone giant simulacrum (Zig:4)
  A boulder beetle (shapeshifter) (D:15)
  A fire giant simulacrum (Depths:1)
  2 ice dragon zombies (Dis:7)
  24 raiju
  2 alligator zombies
  66 redbacks
  A redback (shapeshifter) (Abyss:1)
  14 vampires
  50 flying skulls
  A spriggan (shapeshifter) (Vaults:3)
  17 blink frogs
  A fire dragon skeleton (Tar:7)
  25 tarantellas
  27 trapdoor spiders
  Sigmund (D:4)
  58 starcursed masses
  3 ettin skeletons
  27 wraiths
  2 wyverns
  77 yaks
  A trapdoor spider (shapeshifter) (Depths:3)
  11 water elementals
  8 air elementals
  2 black mamba zombies
  2 dire elephant simulacra (IceCv)
  2 yaks (shapeshifter)
  24 shadows
  12 fire elementals
  4 spriggans
  14 hippogriffs
  49 deep elf magi
  65 chaos spawn
  A basilisk (shapeshifter) (Depths:1)
  5 basilisks
  69 deep elf fighters
  74 ynoxinuls
  6 hungry ghosts
  25 golden eyes
  Grum (D:11)
  A black mamba skeleton (Pan)
  A fire bat (Swamp:4)
  2 hogs (Lair:7)
  2 hippogriffs (shapeshifter)
  91 neqoxecs
  A human (shapeshifter) (D:13)
  32 wolves
  2 steam dragons (Swamp:4)
  7 spatial vortices
  3 iron troll simulacra (IceCv)
  8 mottled dragons
  59 vampire mosquitoes
  6 harpy simulacra (IceCv)
  26 water moccasins
  45 hell hounds
  11 insubstantial wisps
  A naga (Abyss:4)
  27 swamp worms
  A soldier ant (D:12)
  10 wargs
  A spider (shapeshifter) (Vaults:1)
  A warg (shapeshifter) (Vaults:5)
  4 hydra simulacra (IceCv)
  3 spiny frog zombies
  42 spiders
  23 porcupines
  4 black bears
  15 boggarts
  9 ice beasts
  7 sky beasts
  2 snapping turtle zombies (Dis:7)
  2 ettin simulacra (IceCv)
  6 phantoms
  67 orc warriors
  3 spiny frog skeletons
  8 eyes of draining
  13 swamp drakes
  A manticore zombie (Dis:7)
  An ogre (shapeshifter) (Zig:9)
  12 human zombies
  12 necrophages
  3 elf zombies
  2 eyes of draining (shapeshifter)
  17 wasps
  A manticore skeleton (Tar:7)
  14 centaurs
  61 ogres
  25 crocodiles
  9 big kobolds
  A big kobold (shapeshifter) (Vaults:5)
  16 giant frogs
  An earth elemental (Zig:4)
  7 scorpions
  3 troll zombies
  9 killer bees
  2 electric eels (Lair:2)
  27 wights
  9 crimson imps
  6 centaur zombies
  2 giant frog skeletons
  A giant frog zombie (D:6)
  A hound (D:6)
  4 quasits
  3 draconian simulacra (IceCv)
  A gnoll shaman (D:9)
  15 jellies
  43 orc priests
  12 hell rats (Hell)
  4 human simulacra
  35 iron imps
  6 iguanas
  34 orc wizards
  12 worker ants
  A lightning spire (Zig:9)
  15 sheep
  3 spriggan simulacra
  An ogre zombie (Dis:2)
  4 troll simulacra (IceCv)
  2 centaur simulacra (IceCv)
  9 mummies
  2 naga simulacra (IceCv)
  14 adders
  9 gnolls
  39 river rats
  11 shadow imps
  3 ogre simulacra (IceCv)
  12 white imps
  2 giant eyeballs (Pan)
  8 ufetubi
  2 oozes
  2 adder skeletons
  4 worms
  4 giant geckos
  253 orcs
  19 bats
  4 giant cockroaches
  7 goblins
  5 hobgoblins
  11 jackals
  3 quokkas
  A ball python (D:1)
  A giant gecko skeleton (D:4)
  5 giant newts
  23 kobolds
  A kobold zombie (Dis:6)
  A quokka skeleton (D:5)
  13 rats
  9 briar patches
  3 crawling corpses (Vaults:1)
  An eldritch tentacle segment (Dis:7)
  3 fire vortices (Pan)
  A fulminant prism (Zig:9)
  6 fungi
  A lurking horror (Abyss:4)
  20 plants
  29 starspawn tentacles
  A tentacle (Hell)
6212 creatures vanquished.

Vanquished Creatures (collateral kills)
  A tentacled monstrosity (Pan)
  An azure jelly (Slime:6)
  A reaper (Pan)
  A gelid demonspawn (Pan)
  A hill giant (Zig:8)
  A tengu zombie (Zig:9)
  2 orb spiders (Zig:8)
  A guardian mummy (Zig:9)
  A fire dragon zombie (Hell)
  A frost giant simulacrum (Zig:9)
  A flying skull (Zig:9)
  A neqoxec (Pan)
  A necrophage (Tar:7)
  2 hell rats (Hell)
  A mummy (Zig:5)
  An orc (D:9)
18 creatures vanquished.

Vanquished Creatures (others)
  A lich (Abyss:4)
  2 eldritch tentacles
  A storm dragon (Zot:5)
  A balrug (Pan)
  A green death (Pan)
  A rakshasa (Pan)
  3 ball lightnings (Pan)
  A golden dragon zombie (Zig:8)
  A spriggan druid (Zig:10)
  A deep troll (Vaults:4)
  A tengu zombie (Zig:8)
  A spiny frog (Swamp:1)
  A tormentor (Zig:5)
  A komodo dragon (Swamp:2)
  A fire drake (Swamp:4)
  An elf skeleton (Zig:5)
  A wraith (Zig:8)
  A fire bat (Swamp:4)
  A deep elf fighter (Elf:1)
  2 steam dragons (Swamp:4)
  A neqoxec (Pan)
  A small abomination (Abyss:1)
  2 vampire mosquitoes (Swamp:4)
  A spatial vortex (Abyss:4)
  An insubstantial wisp (Zig:10)
  2 chaos spawn
  A porcupine (Depths:2)
  A swamp drake (Zig:10)
  An ogre (Depths:1)
  An eye of draining (Abyss:4)
  A wasp (Zig:1)
  An orc (Orc:4)
  4 briar patches (Zig:10)
  208 eldritch tentacle segments
  14 fungi
  6 lost souls (Hell)
  2 lurking horrors (Abyss:4)
  19 plants
  15 starspawn tentacles
  201 starspawn tentacle segments
  3 tentacles (Hell)
  257 tentacle segments (Hell)
767 creatures vanquished.

Grand Total: 6997 creatures vanquished

Notes
Turn   | Place    | Note
--------------------------------------------------------------
     0 | D:1      | DunwichHorror the Minotaur Gladiator began the quest for the Orb.
     0 | D:1      | Reached XP level 1. HP: 18/18 MP: 0/0
     3 | D:1      | Noticed an electric eel
     3 | D:1      | Noticed an electric eel
   108 | D:1      | Reached skill level 1 in Armour
   118 | D:1      | Reached XP level 2. HP: 23/25 MP: 1/1
   179 | D:1      | Reached skill level 4 in Axes
   545 | D:1      | Reached XP level 3. HP: 30/30 MP: 2/2
  1283 | D:2      | Reached XP level 4. HP: 38/38 MP: 3/3
  1337 | D:2      | Reached skill level 5 in Axes
  1932 | D:3      | Found a faded altar to an unknown god.
  2370 | D:4      | Reached XP level 5. HP: 44/46 MP: 4/4
  2371 | D:4      | Noticed Sigmund
  2472 | D:4      | Reached skill level 6 in Axes
  2805 | D:4      | Found an opulent altar of Gozag.
  2835 | D:4      | Killed Sigmund
  2835 | D:4      | Reached skill level 7 in Axes
  2835 | D:4      | Reached XP level 6. HP: 28/53 MP: 5/5
  2994 | D:5      | Entered Level 5 of the Dungeon
  3313 | D:5      | Reached skill level 5 in Fighting
  3313 | D:5      | Reached XP level 7. HP: 49/61 MP: 6/6
  3700 | D:5      | Got a transparent war axe
  3706 | D:5      | Identified the +4 war axe of Focrytsi {freeze, Dex+2 SInv} (You found it on level 5 of the Dungeon)
  3717 | D:4      | Found a deep blue altar of Sif Muna.
  3924 | D:5      | Found a glowing golden altar of the Shining One.
  4345 | D:6      | Reached skill level 8 in Axes
  4452 | D:6      | Found a staircase to the Ecumenical Temple.
  4459 | Temple   | Entered the Ecumenical Temple
  4502 | Temple   | Became a worshipper of Makhleb the Destroyer
  5055 | D:4      | Noticed a sky beast
  5061 | D:4      | Killed a sky beast
  5603 | D:6      | Reached skill level 5 in Armour
  5760 | D:6      | Reached XP level 8. HP: 63/70 MP: 7/7
  5792 | D:6      | Reached skill level 9 in Axes
  5937 | D:6      | Found a bloodstained altar of Trog.
  6098 | D:7      | Got a scorched quarterstaff
  6099 | D:7      | Identified the +6 quarterstaff of the Vendetta {antimagic, *Corrode rElec Int+3} (You found it on level 7 of the Dungeon)
  6194 | D:7      | Reached skill level 10 in Axes
  6202 | D:7      | Reached * piety under Makhleb
  6607 | D:7      | Reached skill level 11 in Axes
  6647 | D:7      | Found an iron altar of Okawaru.
  6903 | D:7      | Found a basalt altar of Yredelemnul.
  6903 | D:7      | Found a blossoming altar of Fedhas.
  7251 | D:8      | Reached skill level 1 in Evocations
  7380 | D:8      | Reached XP level 9. HP: 62/78 MP: 8/8
  7730 | D:8      | Noticed Psyche
  7739 | D:8      | Killed Psyche
  7910 | D:8      | Reached ** piety under Makhleb
  8012 | D:8      | Reached skill level 12 in Axes
  8929 | D:9      | Reached *** piety under Makhleb
  8966 | D:9      | Reached XP level 10. HP: 55/88 MP: 11/11
  9152 | D:9      | Reached skill level 13 in Axes
  9197 | D:9      | Found a staircase to the Lair.
  9488 | D:9      | Reached **** piety under Makhleb
  9562 | D:9      | Reached skill level 14 in Axes
  9989 | D:10     | Entered Level 10 of the Dungeon
 10101 | D:10     | Noticed Snorg
 10135 | D:10     | Killed Snorg
 10533 | D:10     | Noticed Nergalle
 10714 | Lair:1   | Entered Level 1 of the Lair of Beasts
 10729 | Lair:1   | Identified a scroll of acquirement
 10732 | Lair:1   | Got a brightly glowing executioner's axe
 10798 | Lair:1   | Reached XP level 11. HP: 86/97 MP: 13/13
 10866 | Lair:1   | Noticed a black mamba
 10872 | Lair:1   | Killed a black mamba
 11208 | Lair:1   | Reached ***** piety under Makhleb
 11208 | Lair:1   | Reached skill level 5 in Dodging
 11420 | Lair:1   | Reached skill level 5 in Evocations
 12397 | Lair:2   | Reached skill level 10 in Fighting
 13372 | Lair:3   | Reached skill level 15 in Axes
 13424 | Lair:3   | Reached skill level 10 in Armour
 13434 | Lair:3   | Reached XP level 12. HP: 108/108 MP: 15/15
 13691 | Lair:3   | Noticed Harold
 13703 | Lair:3   | Killed Harold
 14085 | Lair:3   | Noticed Maud
 14103 | Lair:3   | Killed Maud
 14378 | Lair:3   | Found a hole to the Spider Nest.
 14598 | Lair:4   | Found a staircase to the Swamp.
 14712 | Lair:3   | Identified the +12 executioner's axe "Beetleslayer" {chop, -Tele rElec rF+ Dex+3} (You acquired it on level 1 of the Lair of Beasts)
 14790 | Lair:4   | Reached ****** piety under Makhleb
 15422 | Lair:5   | Reached skill level 1 in Invocations
 15436 | Lair:5   | Reached skill level 16 in Axes
 15948 | Lair:5   | Reached XP level 13. HP: 108/119 MP: 16/16
 17470 | Lair:6   | Reached skill level 17 in Axes
 18898 | Lair:7   | Reached skill level 18 in Axes
 19012 | Lair:7   | Found a viscous altar of Jiyva.
 19012 | Lair:7   | Found a staircase to the Slime Pits.
 19165 | Lair:7   | Noticed Kirke
 19453 | Lair:8   | Entered Level 8 of the Lair of Beasts
 19826 | Lair:8   | Reached XP level 14. HP: 125/133 MP: 17/17
 20215 | Lair:8   | Reached skill level 15 in Fighting
 20471 | Lair:8   | Reached skill level 19 in Axes
 21723 | D:11     | Noticed Grum
 21733 | D:11     | Killed Grum
 21762 | D:11     | Found a roughly hewn altar of Beogh.
 21762 | D:11     | Found a staircase to the Orcish Mines.
 21941 | D:11     | Noticed Josephine
 21950 | D:11     | Killed Josephine
 22533 | Orc:1    | Entered Level 1 of the Orcish Mines
 23123 | Orc:2    | Noticed Fannar
 23135 | Orc:2    | Killed Fannar
 23441 | Orc:2    | Found an iron altar of Okawaru.
 23924 | Orc:3    | Found a roughly hewn altar of Beogh.
 24247 | Orc:4    | Entered Level 4 of the Orcish Mines
 24453 | Orc:4    | Found a staircase to the Elven Halls.
 24939 | Orc:4    | Noticed Sonja
 24956 | Orc:4    | Reached skill level 20 in Axes
 24970 | Orc:4    | Killed Sonja
 24970 | Orc:4    | Reached XP level 15. HP: 143/143 MP: 19/19
 25070 | Orc:4    | Noticed an orc warlord
 25102 | Orc:4    | Killed an orc warlord
 25362 | Orc:4    | Found Rubysecy's General Store.
 25363 | Orc:4    | Found Licaink's Book Shop.
 25364 | Orc:4    | Found Isazom's Antique Armour Boutique.
 25364 | Orc:4    | Found Impog's Antique Weapon Boutique.
 25378 | Orc:4    | Bought a potion of might for 40 gold pieces
 25378 | Orc:4    | Bought 2 scrolls of remove curse for 60 gold pieces
 25507 | Orc:4    | Bought a runed chain mail for 166 gold pieces
 25507 | Orc:4    | Bought a scorched ring mail for 333 gold pieces
 25539 | Orc:4    | Identified the +5 ring mail of the Oligarchy {Regen+ Int+4} (You bought it in a shop on level 4 of the Orcish Mines)
 25861 | D:12     | Noticed Urug
 25867 | D:12     | Killed Urug
 26855 | D:13     | Found Olotau's Weapon Shoppe.
 26901 | D:13     | Found Jinurrai's Antique Armour Boutique.
 27497 | D:13     | Found Ecle's Assorted Antiques.
 27505 | D:13     | Bought a potion of curing for 75 gold pieces
 27505 | D:13     | Bought a scroll of identify for 50 gold pieces
 27505 | D:13     | Bought a potion of agility for 100 gold pieces
 27505 | D:13     | Bought a scroll of remove curse for 75 gold pieces
 27505 | D:13     | Bought a conspicuous book for 375 gold pieces
 27505 | D:13     | Identified the Incunabulum of Combat Magic (You bought it in a shop on level 13 of the Dungeon)
 27580 | D:13     | Found a gate to the Vaults.
 27616 | D:13     | Reached skill level 21 in Axes
 28077 | D:14     | Noticed Azrael
 28084 | D:14     | Killed Azrael
 28553 | D:14     | Found a burning altar of Makhleb.
 29105 | D:15     | Entered Level 15 of the Dungeon
 29542 | D:15     | Reached XP level 16. HP: 154/154 MP: 21/21
 29617 | D:15     | Noticed Rupert
 29626 | D:15     | Noticed Nessos
 29648 | D:15     | Killed Nessos
 30163 | D:15     | Killed Rupert
 30268 | D:15     | Found a staircase to the Depths.
 31033 | Swamp:1  | Entered Level 1 of the Swamp
 31056 | Swamp:1  | Reached skill level 22 in Axes
 32094 | Swamp:2  | Found a frozen archway.
 32206 | IceCv    | Entered an ice cave
 33059 | IceCv    | Noticed an Ice Fiend
 33082 | IceCv    | Killed an Ice Fiend
 33224 | IceCv    | Got a warped ring mail
 34569 | Swamp:3  | Reached skill level 5 in Throwing
 34697 | Swamp:3  | Reached XP level 17. HP: 163/163 MP: 22/22
 35495 | Swamp:4  | Entered Level 4 of the Swamp
 36371 | Swamp:4  | Got a decaying rune of Zot
 36752 | Spider:1 | Entered Level 1 of the Spider Nest
 36920 | Spider:1 | Noticed edsrzf's ghost (adept DEFE)
 36933 | Spider:1 | Killed edsrzf's ghost
 37035 | Spider:1 | Reached skill level 10 in Dodging
 37396 | Spider:1 | Noticed Ark's ghost (journeyman KoHu)
 37405 | Spider:1 | Killed Ark's ghost
 37878 | Spider:2 | Noticed Norris
 37924 | Spider:2 | Reached skill level 15 in Armour
 38359 | Spider:2 | Reached skill level 23 in Axes
 38515 | Spider:2 | Killed Norris
 39010 | Spider:3 | Noticed Wiglaf
 39010 | Spider:3 | Reached XP level 18. HP: 164/176 MP: 23/23
 39049 | Spider:3 | Killed Wiglaf
 39834 | Spider:4 | Entered Level 4 of the Spider Nest
 40266 | Spider:4 | Identified the Handbook of Hurtful Feathers
 41045 | Spider:4 | Got a gossamer rune of Zot
 41712 | Vaults:1 | Entered Level 1 of the Vaults
 42347 | Vaults:1 | Reached XP level 19. HP: 185/185 MP: 24/24
 43311 | Vaults:2 | Found a gateway to a bazaar.
 43322 | Bazaar   | Entered a bazaar
 43324 | Bazaar   | Found Xunoesk's Distillery.
 43328 | Bazaar   | Found Amuahib's Jewellery Boutique.
 43328 | Bazaar   | Found Ziabi's Weapon Boutique.
 43329 | Bazaar   | Found Heetitt's Armour Boutique.
 43362 | Bazaar   | Bought a potion of heal wounds for 45 gold pieces
 43362 | Bazaar   | Bought a potion of invisibility for 72 gold pieces
 43362 | Bazaar   | Bought a potion of haste for 90 gold pieces
 43362 | Bazaar   | Bought a potion of might for 36 gold pieces
 43362 | Bazaar   | Bought a potion of heal wounds for 45 gold pieces
 43380 | Bazaar   | Bought an uncursed amulet of faith for 440 gold pieces
 43380 | Bazaar   | Bought an uncursed ring of poison resistance for 220 gold pieces
 43382 | Bazaar   | Bought the cursed ring "Yzxan" {+Inv rC- MR+ MP+9 Int-2} for 100 gold pieces
 43568 | Vaults:2 | Found a staircase to the Crypt.
 43767 | Vaults:2 | Got a smelly plate armour
 43768 | Vaults:2 | Identified the +2 plate armour of Vuploj {rC+ Str+2 Dex+3 Slay-4} (You found it on level 2 of the Vaults)
 43830 | Vaults:2 | Reached skill level 24 in Axes
 44025 | Vaults:2 | Got a distressingly furry ring mail
 44026 | Vaults:2 | Identified the +3 ring mail "Seub" {rF+ Slay+3} (You found it on level 2 of the Vaults)
 44093 | Vaults:2 | Identified the Guide on the Evil Frostbite
 46212 | Vaults:4 | Reached XP level 20. HP: 195/195 MP: 25/25
 47765 | D:10     | Killed Nergalle
 48203 | Elf:1    | Entered Level 1 of the Elven Halls
 48687 | Elf:1    | Reached skill level 25 in Axes
 49000 | Elf:1    | You fall through a shaft!
 49021 | Elf:2    | Found a runed gate.
 49021 | Elf:2    | Found a runed gate.
 49021 | Elf:2    | Found a runed gate.
 49402 | Elf:2    | Found a portal to a secret trove of treasure.
 49495 | Elf:2    | Noticed Jorgrun
 49499 | Elf:2    | Killed Jorgrun
 49523 | Elf:2    | Identified the Volume of Protection and Weightlessness
 50105 | Elf:3    | Entered Level 3 of the Elven Halls
 50299 | Elf:3    | Reached skill level 26 in Axes
 50903 | Elf:3    | Got a brightly glowing scythe {pain}
 50927 | Elf:3    | Cast into the Abyss (a deep elf sorcerer)
 50927 | Abyss:1  | Found a corrupted altar of Lugonu.
 51034 | Abyss:1  | Reached XP level 21. HP: 193/204 MP: 26/26
 51282 | Abyss:1  | Found a corrupted altar of Lugonu.
 51342 | Elf:3    | Escaped the Abyss
 51815 | Elf:3    | Got a scintillating marble ring
 51817 | Elf:3    | Identified the ring "Kiozakhlowaf" {Fire Int+4 SInv} (You took it off a deep elf sorcerer on level 3 of the Elven Halls)
 51845 | Elf:3    | Reached skill level 27 in Axes
 51929 | Elf:3    | Got a jewelled chain mail
 52054 | Elf:3    | Identified the +1 chain mail of Dufajisheho {Dex+2} (You took it off a deep elf priest on level 3 of the Elven Halls)
 52057 | Elf:3    | Got an ancient marble ring
 52058 | Elf:3    | Identified the ring "Ymuuduz" {*Corrode rElec AC+1 Str+4 Stlth+} (You took it off a deep elf fighter on level 3 of the Elven Halls)
 52061 | Elf:3    | Got a flickering wooden ring
 52456 | Elf:3    | Identified the ring "Geoth" {rPois rN+ MR+++ AC+4 Int-3} (You took it off a deep elf summoner on level 3 of the Elven Halls)
 52466 | Elf:3    | Identified the Volume of Conjuration and Flight
 53306 | Elf:2    | You paid a toll of 6 potions of haste to enter a treasure trove
 53307 | Trove    | Entered a treasure trove
 53322 | Trove    | Identified a +9 rod of shadows (13/13) (You found it in a treasure trove)
 53363 | Trove    | Identified a +7 rod of shadows (12/12) (You found it in a treasure trove)
 53372 | Trove    | Identified Sif Muna's Grimoire of Combat Magic and Flight
 55334 | Depths:1 | Entered Level 1 of the Depths
 55359 | Depths:1 | Found a one-way gate leading to the halls of Pandemonium.
 55363 | Depths:1 | Gained mutation: You expend magic power (3 MP) to strengthen your wands. [a neqoxec]
 55561 | Depths:1 | Found a gateway to a ziggurat.
 55980 | Depths:1 | Found a gateway to Hell.
 55993 | Depths:1 | Reached XP level 22. HP: 214/214 MP: 28/28
 56179 | Depths:1 | Found Micwelef's Serpentskin Sales.
 56187 | Depths:1 | Bought 3 curare-tipped needles for 43 gold pieces
 56680 | Depths:2 | Reached skill level 10 in Throwing
 56724 | Depths:2 | Found a basalt altar of Yredelemnul.
 56764 | Depths:2 | Reached skill level 5 in Invocations
 56786 | Depths:2 | Found Daul's Quality Used Wands.
 56828 | Depths:2 | Found Cug Yhoa's General Store.
 56878 | Depths:2 | Reached skill level 10 in Evocations
 56909 | Depths:2 | Bought a potion of heal wounds for 115 gold pieces
 56909 | Depths:2 | Bought a scroll of teleportation for 69 gold pieces
 57685 | Depths:3 | Noticed Aizul
 57696 | Depths:3 | Killed Aizul
 58438 | Depths:3 | Noticed a juggernaut
 58710 | Depths:3 | Killed a juggernaut
 58976 | Depths:3 | Reached skill level 10 in Invocations
 58982 | Depths:3 | Reached XP level 23. HP: 227/227 MP: 29/29
 59071 | Depths:4 | Noticed Jory
 59085 | Depths:4 | Killed Jory
 60444 | Depths:4 | Found a one-way gate to the infinite horrors of the Abyss.
 61082 | Depths:5 | Entered Level 5 of the Depths
 62434 | Depths:5 | Reached XP level 24. HP: 240/240 MP: 31/31
 62435 | Depths:5 | Found a gate to the Realm of Zot.
 63202 | Vaults:5 | Entered Level 5 of the Vaults
 63356 | Vaults:5 | Noticed an ancient lich
 63380 | Vaults:5 | Killed an ancient lich
 63503 | Vaults:5 | Got a heavily runed turquoise ring
 63511 | Vaults:5 | Noticed Ark's ghost (adept MiGl)
 63522 | Vaults:5 | Killed Ark's ghost
 63997 | Vaults:5 | Got a silver rune of Zot
 64174 | Vaults:5 | Noticed an ancient lich
 64181 | Vaults:5 | Reached XP level 25. HP: 121/253 MP: 32/32
 64183 | Vaults:5 | Killed an ancient lich
 64424 | Vaults:5 | Noticed Saint Roka
 64455 | Vaults:5 | Killed Saint Roka
 64581 | Vaults:5 | Identified the ring "Riut" {+Fly Dex+3} (You took it off a vault guard on level 5 of the Vaults)
 66359 | Zot:1    | Entered Level 1 of the Realm of Zot
 66679 | Zot:1    | Reached skill level 27 in Fighting
 67726 | Zot:2    | Reached XP level 26. HP: 266/266 MP: 32/32
 68968 | Zot:3    | Got a spiked gold dragon armour
 68969 | Zot:3    | Identified the +7 gold dragon armour "Xut Oret" {rElec rPois rF+ rC+ rN+ Stlth+} (You found it on level 3 of the Realm of Zot)
 69031 | Zot:3    | Gained mutation: You are frail (-10% HP). [a Zot trap]
 69031 | Zot:3    | Gained mutation: Your body sometimes deteriorates upon taking damage. [a Zot trap]
 70203 | Zot:5    | Entered Level 5 of the Realm of Zot
 70959 | Depths:5 | Reached skill level 27 in Armour
 70963 | Depths:5 | Reached skill level 15 in Invocations
 71087 | Zig:1    | Entered Level 1 of a ziggurat
 71103 | Zig:2    | Entered Level 2 of a ziggurat
 71122 | Zig:3    | Entered Level 3 of a ziggurat
 71147 | Zig:3    | Gained mutation: You can breathe flames. [potion of beneficial mutation]
 71148 | Zig:3    | Lost mutation: You are frail (-10% HP). [potion of cure mutation]
 71148 | Zig:3    | Lost mutation: Your body sometimes deteriorates upon taking damage. [potion of cure mutation]
 71148 | Zig:3    | Lost mutation: You can breathe flames. [potion of cure mutation]
 71148 | Zig:3    | Lost mutation: You expend magic power (3 MP) to strengthen your wands. [potion of cure mutation]
 71198 | Zig:4    | Entered Level 4 of a ziggurat
 71198 | Zig:4    | Noticed a juggernaut
 71213 | Zig:4    | Killed a juggernaut
 71246 | Zig:4    | Identified A Beginning Course on Wizardry
 71294 | Zig:5    | Entered Level 5 of a ziggurat
 71310 | Zig:5    | Reached skill level 15 in Dodging
 71328 | Zig:5    | Got a steaming ivory ring
 71332 | Zig:5    | Identified the Disquisition on Congealing Creation
 71334 | Zig:5    | Identified the ring of Fidghamp {MR+ Str+5} (You found it on level 5 of a ziggurat)
 71340 | Zig:6    | Entered Level 6 of a ziggurat
 71385 | Zig:7    | Entered Level 7 of a ziggurat
 71401 | Zig:7    | Gained mutation: You are frail (-10% HP). [a neqoxec]
 71456 | Zig:8    | Entered Level 8 of a ziggurat
 71462 | Zig:8    | Noticed Rolitwas the pandemonium lord
 71465 | Zig:8    | Noticed Konlo the pandemonium lord
 71469 | Zig:8    | Killed Rolitwas the pandemonium lord
 71476 | Zig:8    | Killed Konlo the pandemonium lord
 71486 | Zig:8    | Reached XP level 27. HP: 245/245 MP: 33/33
 71504 | Zig:8    | Identified Hicemij's Handbook of Sinister Secrets
 71510 | Zig:9    | Entered Level 9 of a ziggurat
 71564 | Zig:9    | Identified the Guide on the Escort and the Traveller
 71572 | Zig:10   | Entered Level 10 of a ziggurat
 71644 | Zig:11   | Entered Level 11 of a ziggurat
 71652 | Zig:11   | Noticed an ancient lich
 71661 | Zig:11   | Noticed an ancient lich
 71664 | Zig:11   | Killed an ancient lich
 71672 | Zig:11   | Killed an ancient lich
 71682 | Zig:11   | Got a wavering gossamer ring
 71683 | Zig:11   | Identified the ring "Zyith" {rN+ Stlth-} (You found it on level 11 of a ziggurat)
 71748 | Hell     | Entered the Vestibule of Hell
 71748 | Hell     | Noticed Geryon
 71759 | Hell     | Killed Geryon
 71988 | Hell     | Found a gateway to the Iron City of Dis.
 72117 | Hell     | Found a gateway to the freezing wastes of Cocytus.
 72192 | Hell     | Found a gateway to the decaying netherworld of Tartarus.
 72242 | Hell     | Found a gateway to the ashen valley of Gehenna.
 72655 | Depths:4 | Voluntarily entered the Abyss.
 72745 | Abyss:2  | Found a corrupted altar of Lugonu.
 72785 | Abyss:2  | Lost mutation: You are frail (-10% HP). [potion of cure mutation]
 73108 | Abyss:3  | Found a corrupted altar of Lugonu.
 73605 | Abyss:4  | Paralysed by accursed screaming for 2 turns
 73704 | Abyss:4  | Paralysed by accursed screaming for 1 turns
 74024 | Abyss:4  | Found a corrupted altar of Lugonu.
 74068 | Abyss:4  | Found a corrupted altar of Lugonu.
 74087 | Abyss:4  | Got an abyssal rune of Zot
 74248 | Depths:4 | Escaped the Abyss
 74458 | Pan      | Entered Pandemonium
 74527 | Pan      | Found an exit through the horrors of the Abyss.
 74663 | Pan      | Gained mutation: You are frail (-10% HP). [a neqoxec]
 74697 | Pan      | Noticed Nohos the pandemonium lord
 74706 | Pan      | Killed Nohos the pandemonium lord
 74846 | Pan      | Found a gateway to a ziggurat.
 74883 | Zig:1    | Entered Level 1 of a ziggurat
 75002 | Zig:2    | Entered Level 2 of a ziggurat
 75017 | Zig:2    | Got a brightly glowing tin amulet
 75018 | Zig:2    | Identified the amulet of the Locust {Stasis +Fly rPois MR- Str+7} (You found it on level 2 of a ziggurat)
 75036 | Zig:3    | Entered Level 3 of a ziggurat
 75120 | Zig:4    | Entered Level 4 of a ziggurat
 75152 | Zig:5    | Entered Level 5 of a ziggurat
 75398 | Zig:6    | Entered Level 6 of a ziggurat
 75545 | Zig:7    | Entered Level 7 of a ziggurat
 75609 | Zig:8    | Entered Level 8 of a ziggurat
 75613 | Zig:8    | Noticed a juggernaut
 75613 | Zig:8    | Noticed a juggernaut
 75614 | Zig:8    | Noticed a juggernaut
 75616 | Zig:8    | Noticed a juggernaut
 75622 | Zig:8    | Killed a juggernaut
 75624 | Zig:8    | Killed a juggernaut
 75626 | Zig:8    | Killed a juggernaut
 75626 | Zig:8    | Reached skill level 15 in Evocations
 75629 | Zig:8    | Killed a juggernaut
 75654 | Zig:8    | Got a scorched iron ring
 75656 | Zig:8    | Identified the Volume of Displaced Evil Secrets
 75658 | Zig:8    | Identified the ring "Gacw" {rF+ AC+2 Int+2} (You found it on level 8 of a ziggurat)
 75670 | Zig:9    | Entered Level 9 of a ziggurat
 75677 | Zig:9    | Noticed Voskiu the pandemonium lord
 75696 | Zig:9    | Killed Voskiu the pandemonium lord
 75749 | Zig:9    | Got a pair of scorched gloves
 75750 | Zig:9    | Identified the +1 pair of gloves of Pusch {*Drain rPois MR+ SInv} (You acquired it on level 9 of a ziggurat)
 75779 | Zig:10   | Entered Level 10 of a ziggurat
 75876 | Zig:10   | Got a sparkling turquoise ring
 75877 | Zig:10   | Identified the ring "Bejexoim" {MR+ Int+4 SInv} (You found it on level 10 of a ziggurat)
 75897 | Zig:10   | Identified a +2 rod of shadows (11/11) (You found it on level 10 of a ziggurat)
 76332 | Pan      | Took an exit into the Abyss.
 76332 | Abyss:1  | Escaped into the Abyss
 76332 | Abyss:1  | Found a corrupted altar of Lugonu.
 76334 | Abyss:1  | Found a corrupted altar of Lugonu.
 76589 | Depths:3 | Escaped the Abyss
 76609 | Pan      | Entered Pandemonium
 77114 | Pan      | Noticed Lyilowul the pandemonium lord
 77124 | Pan      | Killed Lyilowul the pandemonium lord
 77181 | Pan      | Found an exit through the horrors of the Abyss.
 77737 | Pan      | Noticed Hur Xiahiqe the pandemonium lord
 77743 | Pan      | Killed Hur Xiahiqe the pandemonium lord
 78334 | Pan      | Got a demonic rune of Zot
 78408 | Pan      | Found an exit through the horrors of the Abyss.
 79169 | Pan      | Found an exit through the horrors of the Abyss.
 79197 | Pan      | Noticed Mahabo the pandemonium lord
 79210 | Pan      | Killed Mahabo the pandemonium lord
 80190 | Pan      | Paralysed by accursed screaming for 2 turns
 80402 | Pan      | Found an exit through the horrors of the Abyss.
 80403 | Pan      | Found a basalt altar of Yredelemnul.
 81209 | Pan      | Noticed Natairph the pandemonium lord
 81215 | Pan      | Killed Natairph the pandemonium lord
 81408 | Pan      | Found a gateway to a ziggurat.
 81426 | Zig:1    | Entered Level 1 of a ziggurat
 81480 | Zig:2    | Entered Level 2 of a ziggurat
 81499 | Zig:3    | Entered Level 3 of a ziggurat
 81509 | Zig:3    | Got a heavily runed bone ring
 81515 | Zig:3    | Identified the ring of Ilamamoc {*Confuse Str+4 Int+4 Stlth+} (You found it on level 3 of a ziggurat)
 81520 | Zig:4    | Entered Level 4 of a ziggurat
 81577 | Zig:4    | Lost mutation: You are frail (-10% HP). [potion of cure mutation]
 81579 | Zig:4    | Identified the Catalogue of Summoning
 81962 | Zig:5    | Entered Level 5 of a ziggurat
 82346 | Zig:6    | Entered Level 6 of a ziggurat
 82500 | Zig:7    | Entered Level 7 of a ziggurat
 82540 | Zig:7    | Got a warped granite ring
 82541 | Zig:7    | Identified the ring of the Country {rPois rC+} (You found it on level 7 of a ziggurat)
 82566 | Zig:8    | Entered Level 8 of a ziggurat
 82597 | Zig:8    | Got a wavering bone ring
 82598 | Zig:8    | Identified the ring "Tudiecw" {MR- MP+9 Dex+4 SInv} (You found it on level 8 of a ziggurat)
 82602 | Zig:8    | Got a vibrating silver ring
 82603 | Zig:8    | Identified the ring of the Jester {rF+ rC+ MR+ Stlth+} (You found it on level 8 of a ziggurat)
 82611 | Zig:8    | Identified a +2 rod of the swarm (11/11) (You found it on level 8 of a ziggurat)
 82631 | Zig:9    | Entered Level 9 of a ziggurat
 82688 | Zig:9    | Got a vibrating wooden ring
 82689 | Zig:9    | Identified the ring of Quch {+Blink rElec MR- Str+2} (You found it on level 9 of a ziggurat)
 82784 | Zig:10   | Entered Level 10 of a ziggurat
 82854 | Zig:10   | Identified a +2 pair of boots of running (You found it on level 10 of a ziggurat)
 83044 | Pan      | Found an exit through the horrors of the Abyss.
 83161 | Depths:3 | Escaped Pandemonium
 83176 | Pan      | Entered Pandemonium
 83286 | Pan      | Noticed Plog the pandemonium lord
 83323 | Pan      | Gained mutation: Your spells are a little easier to cast, but a little less powerful. [a cacodemon]
 83326 | Pan      | Killed Plog the pandemonium lord
 83326 | Pan      | Gained mutation: Armour fits poorly on your strangely shaped body. [a cacodemon]
 83357 | Pan      | Found an exit through the horrors of the Abyss.
 83368 | Pan      | Lost mutation: Armour fits poorly on your strangely shaped body. [potion of cure mutation]
 83368 | Pan      | Lost mutation: Your spells are a little easier to cast, but a little less powerful. [potion of cure mutation]
 83920 | Pan      | Found an exit through the horrors of the Abyss.
 84029 | Pan      | Noticed Mennas
 84069 | Pan      | Lost intelligence.
 84088 | Pan      | Killed Mennas
 84296 | Pan      | Noticed Satunoez the pandemonium lord
 84306 | Pan      | Killed Satunoez the pandemonium lord
 84732 | Pan      | Found a runed door.
 84746 | Pan      | Found a runed door.
 84801 | Pan      | Found a runed door.
 84814 | Pan      | Noticed Kual the pandemonium lord
 84828 | Pan      | Killed Kual the pandemonium lord
 84846 | Pan      | Found a runed door.
 85054 | Pan      | Found an exit through the horrors of the Abyss.
 85814 | Pan      | Found an exit through the horrors of the Abyss.
 85896 | Pan      | Noticed Saocav the pandemonium lord
 85919 | Pan      | Killed Saocav the pandemonium lord
 86839 | Pan      | Noticed Xoshyoh the pandemonium lord
 86864 | Pan      | Killed Xoshyoh the pandemonium lord
 87195 | Pan      | Got a shimmering cloak
 87196 | Pan      | Identified the cursed +0 cloak "Xodecwut" {*Drain +Inv rElec Dex+2} (You found it in Pandemonium)
 87268 | Pan      | Found an exit through the horrors of the Abyss.
 87474 | Pan      | Reached skill level 27 in Dodging
 87526 | Pan      | Noticed Zazosaz the pandemonium lord
 87539 | Pan      | Killed Zazosaz the pandemonium lord
 87710 | Pan      | Found a gateway to a ziggurat.
 87776 | Zig:1    | Entered Level 1 of a ziggurat
 87791 | Zig:2    | Entered Level 2 of a ziggurat
 87811 | Zig:2    | Got a fine plate armour
 87815 | Zig:3    | Entered Level 3 of a ziggurat
 87835 | Zig:4    | Entered Level 4 of a ziggurat
 87859 | Zig:5    | Entered Level 5 of a ziggurat
 87885 | Zig:5    | Got an iridescent battleaxe
 87886 | Zig:5    | Identified the +6 battleaxe of Defiance {drain, rC- Int+10} (You found it on level 5 of a ziggurat)
 87901 | Zig:6    | Entered Level 6 of a ziggurat
 87939 | Zig:6    | Identified the Catalogue of Evil Good Luck
 87949 | Zig:7    | Entered Level 7 of a ziggurat
 87999 | Zig:7    | Identified Biggeomm's Catalogue of Confrontation and Air
 88006 | Zig:8    | Entered Level 8 of a ziggurat
 88081 | Zig:9    | Entered Level 9 of a ziggurat
 88154 | Zig:10   | Entered Level 10 of a ziggurat
 88162 | Zig:10   | Noticed an ancient lich
 88171 | Zig:10   | Killed an ancient lich
 88213 | Zig:10   | Got a faintly glowing amber ring
 88214 | Zig:10   | Identified the ring of the Final Decision {MR++ MP+9 Str+5 Int-4} (You found it on level 10 of a ziggurat)
 88243 | Zig:10   | Got a wavering iron ring
 88244 | Zig:10   | Identified the ring "Olelathry" {rC+ MP+9 Str-4 Int+2} (You found it on level 10 of a ziggurat)
 88383 | Pan      | Found an exit through the horrors of the Abyss.
 88909 | Pan      | Entered the realm of Lom Lobon.
 88988 | Pan      | Noticed Lom Lobon
 89016 | Pan      | Killed Lom Lobon
 89022 | Pan      | Got a magical rune of Zot
 89298 | Pan      | Found an exit through the horrors of the Abyss.
 89350 | Pan      | Found a gateway to a ziggurat.
 89395 | Zig:1    | Entered Level 1 of a ziggurat
 89414 | Zig:2    | Entered Level 2 of a ziggurat
 89432 | Zig:3    | Entered Level 3 of a ziggurat
 89491 | Zig:4    | Entered Level 4 of a ziggurat
 89512 | Zig:4    | Got a topaz-studded plate armour
 89513 | Zig:4    | Identified the +1 plate armour of Hairiness {rN++} (You found it on level 4 of a ziggurat)
 89525 | Zig:5    | Entered Level 5 of a ziggurat
 89696 | Zig:6    | Entered Level 6 of a ziggurat
 89720 | Zig:6    | Got an encrusted blowgun
 89721 | Zig:6    | Identified the +4 blowgun "Qukoh" {speed, rElec Int+4} (You found it on level 6 of a ziggurat)
 89754 | Zig:7    | Entered Level 7 of a ziggurat
 89814 | Zig:7    | Got a brightly glowing ruby amulet
 89815 | Zig:7    | Identified the amulet "Aggeb" {rMut rElec rF+ MR+} (You found it on level 7 of a ziggurat)
 89830 | Zig:8    | Entered Level 8 of a ziggurat
 89834 | Zig:8    | Noticed Jaxuops the pandemonium lord
 89850 | Zig:8    | Killed Jaxuops the pandemonium lord
 89906 | Zig:9    | Entered Level 9 of a ziggurat
 89963 | Zig:9    | Identified a cursed +2 rod of clouds (9/9) (You found it on level 9 of a ziggurat)
 89971 | Zig:10   | Entered Level 10 of a ziggurat
 91306 | Pan      | Took an exit into the Abyss.
 91306 | Abyss:1  | Escaped into the Abyss
 91577 | Abyss:1  | Paralysed by you for 6 turns
 91707 | Abyss:1  | Found a corrupted altar of Lugonu.
 91875 | Depths:3 | Escaped the Abyss
 91893 | Pan      | Entered Pandemonium
 91930 | Pan      | Noticed Utefuf the pandemonium lord
 91940 | Pan      | Killed Utefuf the pandemonium lord
 92113 | Pan      | Found an exit through the horrors of the Abyss.
 93569 | Pan      | Noticed Wybb the pandemonium lord
 93579 | Pan      | Killed Wybb the pandemonium lord
 93657 | Pan      | Found an exit through the horrors of the Abyss.
 95086 | Pan      | Found an exit through the horrors of the Abyss.
 95457 | Pan      | Noticed Bovvohoitz the pandemonium lord
 95468 | Pan      | Killed Bovvohoitz the pandemonium lord
 96645 | Pan      | Found an exit through the horrors of the Abyss.
 96768 | Pan      | Noticed Onitirr the pandemonium lord
 96777 | Pan      | Killed Onitirr the pandemonium lord
 96791 | Pan      | Lost intelligence.
 97130 | Pan      | Entered the realm of Cerebov.
 97306 | Pan      | Noticed Cerebov
 97355 | Pan      | Killed Cerebov
 97388 | Pan      | Found an exit through the horrors of the Abyss.
 97630 | Pan      | Got a fiery rune of Zot
 97681 | Pan      | Got a sparkling ivory ring
 97738 | Pan      | Identified the ring "Inaashra" {Fire *Drain +Inv rElec Str+6} (You found it in Pandemonium)
 97965 | Pan      | Reached skill level 15 in Throwing
 98213 | Pan      | Identified the Incunabulum of Destructive Flames
 98476 | Pan      | Noticed Vici Wiohet the pandemonium lord
 98499 | Pan      | Killed Vici Wiohet the pandemonium lord
 98554 | Pan      | Found an exit through the horrors of the Abyss.
 98592 | Pan      | Gained mutation: Potions and wands are less effective at restoring your health. [a cacodemon]
 99170 | Pan      | Found a gateway to a ziggurat.
 99200 | Zig:1    | Entered Level 1 of a ziggurat
 99212 | Zig:2    | Entered Level 2 of a ziggurat
 99227 | Zig:3    | Entered Level 3 of a ziggurat
 99280 | Zig:4    | Entered Level 4 of a ziggurat
 99300 | Zig:4    | Got a twitching lead ring
 99301 | Zig:4    | Identified the ring "Uciuk" {rElec rPois Str-2 Int+5 Stlth+} (You found it on level 4 of a ziggurat)
 99311 | Zig:5    | Entered Level 5 of a ziggurat
 99340 | Zig:5    | Identified Vehumet's Handbook of Confrontation
 99354 | Zig:6    | Entered Level 6 of a ziggurat
 99386 | Zig:6    | Lost mutation: Potions and wands are less effective at restoring your health. [potion of cure mutation]
 99419 | Zig:7    | Entered Level 7 of a ziggurat
 99462 | Zig:7    | Got a crude blowgun
 99463 | Zig:7    | Identified the +10 blowgun of the Briny Deep {evade, +Fly Str+10 Int-4} (You found it on level 7 of a ziggurat)
 99483 | Zig:8    | Entered Level 8 of a ziggurat
 99560 | Zig:8    | Got a slimy copper ring
 99561 | Zig:8    | Identified the ring "Walel" {+/*Tele rF+ Str+7 Stlth+} (You found it on level 8 of a ziggurat)
 99766 | Zig:9    | Entered Level 9 of a ziggurat
 99784 | Zig:9    | Paralysed by accursed screaming for 1 turns
 99787 | Zig:9    | Reached skill level 27 in Invocations
 99806 | Zig:9    | Identified Laor's Disquisition on Transmigration and Malediction
 99813 | Zig:9    | Got a heavily runed ivory amulet
 99814 | Zig:9    | Identified the amulet "Noskyit" {Faith rPois Int+3} (You found it on level 9 of a ziggurat)
 99858 | Zig:10   | Entered Level 10 of a ziggurat
 99902 | Zig:10   | Got a pitted sapphire amulet
 99903 | Zig:10   | Identified the amulet "Inucirag" {Inacc MR+} (You found it on level 10 of a ziggurat)
 99966 | Pan      | Found an exit through the horrors of the Abyss.
100052 | Pan      | Took an exit into the Abyss.
100052 | Abyss:1  | Escaped into the Abyss
100052 | Abyss:1  | Found a corrupted altar of Lugonu.
100212 | Abyss:1  | Gained mutation: You are dopey. (Int -2) [a neqoxec]
100590 | Depths:3 | Escaped the Abyss
101812 | Hell     | Lost mutation: You are dopey. (Int -2) [potion of cure mutation]
101841 | Dis:1    | Entered Level 1 of the Iron City of Dis
102211 | Dis:2    | Found a burning altar of Makhleb.
103444 | Dis:7    | Entered Level 7 of the Iron City of Dis
103636 | Dis:7    | Gained mutation: Your body sometimes deteriorates upon taking damage. [a cacodemon]
103752 | Dis:7    | Gained mutation: You are dopey. (Int -2) [a cacodemon]
103799 | Dis:7    | Lost mutation: Your body sometimes deteriorates upon taking damage. [potion of cure mutation]
103799 | Dis:7    | Lost mutation: You are dopey. (Int -2) [potion of cure mutation]
103839 | Dis:7    | Noticed Dispater
103875 | Dis:7    | Killed Dispater
103882 | Dis:7    | Got an iron rune of Zot
103884 | Dis:7    | Got a jewelled plate armour
104157 | Dis:7    | Identified the +6 plate armour of the Seven Wars {Str+3} (You found it on level 7 of the Iron City of Dis)
105431 | Tar:1    | Entered Level 1 of Tartarus
106014 | Tar:7    | Entered Level 7 of Tartarus
106144 | Tar:7    | Noticed the Serpent of Hell
106146 | Tar:7    | Noticed an ancient lich
106190 | Tar:7    | Killed the Serpent of Hell
106259 | Tar:7    | Killed an ancient lich
106419 | Tar:7    | Noticed an ancient lich
106498 | Tar:7    | Killed an ancient lich
106542 | Tar:7    | Reached skill level 27 in Evocations
106613 | Tar:7    | Noticed Ereshkigal
106647 | Tar:7    | Killed Ereshkigal
106672 | Tar:7    | Got a bone rune of Zot
106759 | Tar:7    | Cast into the Abyss (reaper)
106794 | Tar:7    | Escaped the Abyss
106967 | Tar:7    | Got a transparent glass ring
106968 | Tar:7    | Identified the ring of Zegof {rPois Int+2 Stlth+} (You found it on level 7 of Tartarus)
107174 | Tar:7    | Got a scorched brass ring
107175 | Tar:7    | Identified the ring "Viung" {Wiz +Inv rN+ Stlth+} (You found it on level 7 of Tartarus)
107197 | Tar:7    | Got an ancient blowgun
107198 | Tar:7    | Identified the cursed +1 blowgun of Tenires {evade, rC+ Str+3} (You found it on level 7 of Tartarus)
107246 | Tar:7    | Got a steaming bronze ring
107247 | Tar:7    | Identified the ring of Lies {+Fly rN+ MR+} (You found it on level 7 of Tartarus)
107370 | Tar:7    | Identified Gabyaleh's Papyrus of the Escort and the Snowflakes
108233 | Pan      | Entered the realm of Gloorx Vloq.
108233 | Pan      | Entered Pandemonium
108312 | Pan      | Noticed Gloorx Vloq
108337 | Pan      | Killed Gloorx Vloq
108356 | Pan      | Got a dark rune of Zot
108540 | Pan      | Found an exit through the horrors of the Abyss.
109037 | Pan      | Entered the realm of Mnoleg.
109051 | Pan      | Noticed Mnoleg
109084 | Pan      | Lost intelligence.
109094 | Pan      | Killed Mnoleg
109097 | Pan      | Gained mutation: You are weak. (Str -2) [a neqoxec]
109134 | Pan      | Paralysed by a giant eyeball for 3 turns
109223 | Pan      | Identified the Reference Book on Spatial Darkness
109251 | Pan      | Got a glowing rune of Zot
109381 | Pan      | Found an exit through the horrors of the Abyss.
109869 | Depths:3 | Escaped Pandemonium
109880 | Pan      | Entered Pandemonium
109891 | Pan      | Found an exit through the horrors of the Abyss.
110013 | Pan      | Reached skill level 5 in Stealth
110022 | Pan      | Noticed Muwoqeb the pandemonium lord
110072 | Pan      | Killed Muwoqeb the pandemonium lord
111097 | Pan      | Reached skill level 10 in Stealth
111177 | Pan      | Noticed Tamuon Ires the pandemonium lord
111206 | Pan      | Killed Tamuon Ires the pandemonium lord
111518 | Pan      | Found an exit through the horrors of the Abyss.
111998 | Pan      | Noticed Poficiuh the pandemonium lord
112067 | Pan      | Killed Poficiuh the pandemonium lord
112352 | Pan      | Found an exit through the horrors of the Abyss.
113254 | Depths:3 | Escaped Pandemonium
113269 | Pan      | Entered Pandemonium
113343 | Pan      | Noticed Jejuguna the pandemonium lord
113356 | Pan      | Killed Jejuguna the pandemonium lord
113801 | Pan      | Noticed Kurun the pandemonium lord
113942 | Pan      | Killed Kurun the pandemonium lord
114122 | Pan      | Found an exit through the horrors of the Abyss.
114530 | Depths:3 | Escaped Pandemonium
114538 | Pan      | Entered Pandemonium
114596 | Pan      | Noticed Fikin the pandemonium lord
114610 | Pan      | Killed Fikin the pandemonium lord
115073 | Pan      | Found an exit through the horrors of the Abyss.
115300 | Pan      | Noticed Huhosior the pandemonium lord
115310 | Pan      | Killed Huhosior the pandemonium lord
115435 | Pan      | Gained mutation: You tend to lose your temper in combat. [a neqoxec]
115451 | Pan      | Lost mutation: You tend to lose your temper in combat. [potion of cure mutation]
115451 | Pan      | Lost mutation: You are weak. (Str -2) [potion of cure mutation]
115809 | Pan      | Found an exit through the horrors of the Abyss.
116469 | Pan      | Reached skill level 27 in Throwing
116523 | Pan      | Reached skill level 1 in Unarmed Combat
116758 | Pan      | Found an exit through the horrors of the Abyss.
117112 | Pan      | Reached skill level 15 in Stealth
117289 | Pan      | Found an exit through the horrors of the Abyss.
117403 | Pan      | Noticed Vashergh the pandemonium lord
117433 | Pan      | Killed Vashergh the pandemonium lord
117700 | Pan      | Noticed Ignacio
117711 | Pan      | Killed Ignacio
117814 | Pan      | Took an exit into the Abyss.
117814 | Abyss:1  | Escaped into the Abyss
117824 | Abyss:1  | Found a roughly hewn altar of Beogh.
117862 | Depths:3 | Escaped the Abyss
118492 | Lair:7   | Noticed an eight-headed hydra
118497 | Lair:7   | Killed a 12-headed hydra
119024 | Lair:7   | Killed Kirke
119054 | Slime:1  | Entered Level 1 of the Pits of Slime
119067 | Slime:1  | Gained mutation: Scrolls take you a little longer to read. [a shining eye]
119539 | Slime:6  | Entered Level 6 of the Pits of Slime
119581 | Slime:6  | Noticed the royal jelly
119590 | Slime:6  | Found a viscous altar of Jiyva.
119593 | Slime:6  | Killed the royal jelly
119684 | Slime:6  | Got a steaming marble ring
119687 | Slime:6  | Identified the ring "Hobemih" {Ice +Fly Str-3 Int+2 SInv} (You found it on level 6 of the Pits of Slime)
119979 | Slime:6  | Got a slimy rune of Zot
119985 | Slime:6  | Identified Xuxes's Almanac of the Frostbite and Moulding
121115 | Zot:5    | Noticed an ancient lich
121125 | Zot:5    | Killed an ancient lich
121134 | Zot:5    | Noticed an ancient lich
121147 | Zot:5    | Killed an ancient lich
121256 | Zot:5    | Noticed an ancient lich
121279 | Zot:5    | Killed an ancient lich
121290 | Zot:5    | Noticed an orb of fire
121307 | Zot:5    | Killed an orb of fire
121311 | Zot:5    | Reached skill level 1 in Spellcasting
121578 | Zot:5    | Noticed an orb of fire
121595 | Zot:5    | Killed an orb of fire
121629 | Zot:5    | Noticed an orb of fire
121643 | Zot:5    | Killed an orb of fire
121643 | Zot:5    | Reached skill level 5 in Spellcasting
122145 | Zot:5    | Lost mutation: Scrolls take you a little longer to read. [potion of cure mutation]
122152 | Zot:5    | Got the Orb of Zot
122883 | D:3      | Noticed Zuon the pandemonium lord
122898 | D:3      | Killed Zuon the pandemonium lord
123076 | D:$      | Escaped with the Orb!

Action                   |  1- 3 |  4- 6 |  7- 9 | 10-12 | 13-15 | 16-18 | 19-21 | 22-24 | 25-27 || total
-------------------------+-------+-------+-------+-------+-------+-------+-------+-------+-------++-------
Melee: War axe           |    81 |   105 |   217 |   452 |   425 |    55 |       |     1 |     3 ||  1339
       Executioner's axe |       |       |       |       |   599 |  1058 |  1187 |  1095 |  7842 || 11781
       Battleaxe         |       |       |       |       |       |       |       |       |    13 ||    13
 Fire: Blowgun           |       |       |       |       |       |    13 |       |       |    18 ||    31
Throw: Throwing net      |       |     1 |     1 |     1 |       |       |       |       |    12 ||    15
       Tomahawk          |       |       |       |     6 |    27 |       |       |       |       ||    33
       Javelin           |       |       |       |       |    11 |     6 |     8 |     7 |     2 ||    34
Invok: Major Destruction |       |       |       |       |       |       |       |       |     3 ||     3
 Abil: Stop Flying       |       |       |       |       |     1 |       |     2 |       |     7 ||    10
       Evoke Flight      |       |       |       |       |       |     3 |     1 |     1 |     8 ||    13
Evoke: Wand              |       |       |     4 |     4 |     6 |     1 |     5 |     6 |    85 ||   111
       Lamp of fire      |       |       |       |       |       |     1 |       |       |     1 ||     2
       Rod               |       |       |       |       |       |       |     1 |     2 |    11 ||    14
       Phial of floods   |       |       |       |       |       |       |       |       |     8 ||     8
       Sack of spiders   |       |       |       |       |       |       |       |       |     7 ||     7
       Disc of storms    |       |       |       |       |       |       |       |       |     6 ||     6
       Box of beasts     |       |       |       |       |       |       |       |       |     3 ||     3
       Fan of gales      |       |       |       |       |       |       |       |       |     2 ||     2
       Phantom mirror    |       |       |       |       |       |       |       |       |     2 ||     2
       Stone of tremors  |       |       |       |       |       |       |       |       |     1 ||     1
  Use: Scroll            |       |     8 |    11 |     8 |    12 |    10 |    12 |    10 |    98 ||   169
       Potion            |       |     1 |       |    11 |     8 |     5 |     1 |     4 |    57 ||    87
 Stab: Held in net/web   |       |       |       |     1 |       |       |       |       |     5 ||     6
       Confused          |       |       |       |       |       |     1 |       |       |       ||     1
       Distracted        |       |       |       |       |       |       |       |     1 |     6 ||     7
       Paralysed         |       |       |       |       |       |       |       |       |     6 ||     6
       Petrifying        |       |       |       |       |       |       |       |       |     5 ||     5
       Invisible         |       |       |       |       |       |       |       |       |     4 ||     4
       Petrified         |       |       |       |       |       |       |       |       |     2 ||     2
  Eat: Chunk             |     1 |     5 |    13 |    19 |    38 |    22 |    35 |    21 |    33 ||   187
       Fruit             |       |     1 |     2 |     2 |     1 |     2 |       |       |     8 ||    16
       Royal jelly       |       |       |     2 |     1 |     1 |     1 |       |       |    13 ||    18
       Pizza             |       |       |       |       |     2 |     1 |       |       |     8 ||    11
       Bread ration      |       |       |       |       |       |     2 |     1 |       |    15 ||    18
       Meat ration       |       |       |       |       |       |     1 |     1 |     1 |    18 ||    21
       Beef jerky        |       |       |       |       |       |     1 |       |     1 |    13 ||    15
